 Dungeon Crawl Stone Soup version 0.30-b1-2-g02819fbbbe (webtiles) character file.

Game seed: 12677809672699910869

274 raph the Ducker (level 6, -3/52 HPs)
             Began as a Merfolk Monk on May 6, 2023.
             Killed by divine providence
             ... invoked by an orc priest
              (12 damage)
             ... on level 4 of the Dungeon.
             The game lasted 00:05:30 (3485 turns).

raph the Ducker (Merfolk Monk)                      Turns: 3485, Time: 00:05:30

Health: -3/52      AC:  3    Str: 11    XL:     6   Next: 24%
Magic:  6/6        EV: 16    Int: 10    God:
Gold:   23         SH:  0    Dex: 18    Spells: 5/5 levels left

rFire   . . .        k - +0 long sword
rCold   . . .        d - orb {light}
rNeg    . . .        b - +0 robe
rPois   .            o - +0 helmet
rElec   .            (no cloak)
rCorr   .            (no gloves)
SInv    .            (no boots)
Will    .....        (no amulet)
Stlth   +            (no ring)
HPRegen 0.28/turn    (no ring)
MPRegen 0.10/turn

%: no passive effects
@: glowing
A: (nimble swimmer 2), mertail
a: no special abilities


You were on level 4 of the Dungeon.
You visited 1 branch of the dungeon, and saw 4 of its levels.

You collected 163 gold pieces.
You spent 140 gold pieces at shops.

Inventory:

Hand Weapons
 a - a +0 hand axe
 k - a +0 long sword (weapon)
Missiles
 f - 4 boomerangs (quivered)
Armour
 b - a +0 robe (worn)
 d - an orb of light (worn)
 o - a +0 helmet (worn)
Scrolls
 m - a scroll of magic mapping
 n - a scroll of identify
Potions
 e - a potion of invisibility
 g - 2 potions of curing
 j - a potion of mutation


   Skills:
 + Level 5.7 Fighting
 * Level 1.0 Long Blades
 - Level 2.4 Axes
 + Level 6.8 Dodging


You had 5 spell levels left.
You didn't know any spells.
Your spell library contained the following spells:

 Spells                   Type           Power      Damage    Failure   Level
 Lesser Beckoning         Tloc           0%         N/A       50%         2
 Gell's Gravitas          Tloc           0%         N/A       75%         3
 Teleport Other           Tloc           0%         N/A       75%         3


Dungeon Overview and Level Annotations

Branches:
Dungeon (4/15)
 Temple: D:4-7

Altars:

Shops:
D:2 !


Innate Abilities, Weirdness & Mutations

((You are very nimble when in or above water. (Stealth+, EV+, Speed+++)))
Your lower body shifts to a powerful aquatic tail in water.


Message History

The orc wizard is severely wounded.
The orc wizard barely misses you.
The orc priest hits you with a +0 short sword.
The orc wizard mumbles some strange words.
The orc wizard flickers and vanishes for a moment.
You barely miss the orc priest.
The orc wizard gestures at you while chanting.
You are confused.
The orc priest closely misses you.
You bump into the rock wall.
The orc wizard gestures at you while chanting.
The magic dart hits you.
The orc priest hits you with a +0 short sword.
You bump into the rock wall.
The orc wizard points at you and mumbles some strange words.
The magic dart hits you. The orc priest barely misses you.
The orc wizard mumbles some strange words.
The orc wizard flickers and vanishes for a moment.
The orc priest barely misses you.
You slash the orc priest!
The orc priest is severely wounded.
The orc priest hits you with a +0 short sword.
An orc comes into view. It is wielding a +0 mace.
The orc priest barely misses you. The orc wizard closely misses you.
Okay, then.
The orc wizard attacks as you move away!
The orc wizard misses you.
The orc priest invokes the aid of Beogh against you.
You barely resist.
You bump into the rock wall.
You feel less confused. The orc wizard misses you.
The orc priest hits you with a +0 short sword.
* * * LOW HITPOINT WARNING * * *
The orc wizard points at you and mumbles some strange words.
The puff of flame hits you.
* * * LOW HITPOINT WARNING * * *
The orc priest calls down the wrath of Beogh upon you.
Beogh smites you!
You die...

# #.. ...#..## # #.
..#...## # #..####.##o.##
# .....#)#B..## # #
#.o##s##..## #### #.
##..o#.#...# ...##
####.#####oo##.##..#
..#.##..............#/#..#
.###...#####..##@#..###..#
..#.#### #..##..#.... .#
.#.## #..###........# .#.#
#..# ######## .#.# #..#
.#.# #!.# .#.# #..# ...#
#..# .### #..#


You could see a scorpion, an orc priest, 2 orc wizards, 2 orcs and a giant
cockroach.

Vanquished Creatures
  2 orc priests (D:3)
  Jessica (D:2)
  An orc wizard (D:4)
  8 adders
  A worm (D:2)
  6 dart slugs
  9 orcs
  5 ball pythons
  4 endoplasms
  5 giant cockroaches
  3 goblins
  6 hobgoblins
  4 jackals (D:1)
  4 kobolds
  A quokka (D:4)
  7 bats
  2 frilled lizards (D:2)
  5 rats
74 creatures vanquished.

Notes
Turn   | Place    | Note
-------+----------+-------------------------------------------
     0 | D:1      | raph the Merfolk Monk began the quest for the Orb.
     0 | D:1      | Reached XP level 1. HP: 18/18 MP: 1/1
   194 | D:1      | Reached XP level 2. HP: 18/24 MP: 2/2
   535 | D:1      | Reached XP level 3. HP: 27/30 MP: 3/3
   940 | D:2      | Reached skill level 5 in Dodging
  1059 | D:2      | Found Leplun's Distillery.
  1066 | D:2      | Bought a potion of heal wounds for 70 gold pieces
  1251 | D:2      | Noticed Jessica
  1259 | D:2      | Killed Jessica
  1260 | D:2      | Reached XP level 4. HP: 36/38 MP: 4/4
  1685 | D:2      | Bought a potion of curing for 42 gold pieces
  1882 | D:3      | Reached XP level 5. HP: 26/43 MP: 5/5
  2017 | D:3      | Reached skill level 5 in Fighting
  2138 | D:2      | Bought 2 potions of degeneration for 28 gold pieces
  2178 | D:3      | Reached skill level 6 in Dodging
  2543 | D:3      | Found a faded altar of an unknown god.
  2912 | D:4      | Reached XP level 6. HP: 42/51 MP: 6/6
  3133 | D:4      | Reached skill level 1 in Long Blades
  3485 | D:4      | Killed from afar by an orc priest

Illustrated notes

Levels and vault maps discovered:
D:1:      minmay_arrival_shoal_huts, layout_loops_ring, minmay_tromino_v4_b
D:2:      layout_basic, serial_shops, shop, minmay_misc_feat_pillars,
          uniq_jessica
D:3:      layout_basic, ebering_ecumenical_altar_hall
D:4:      layout_loops_ring, minmay_vboxes

Skill      XL: |  1  2  3  4  5  6 |
---------------+-------------------+-----
Fighting       | 4 5 |  5.7
Dodging        | 5 6 |  6.8
Long Blades    | 1 |  1.0
Axes           | |  2.4

Action                     |  1- 3 |  4- 6 || total
---------------------------+-------+-------++-------
  Melee: Hand axe          |    56 |       ||    56
         Tailslap          |     5 |       ||     5
         Long sword        |    38 |   116 ||   154
    Use: Scroll            |     3 |     4 ||     7
         Potion            |       |     3 ||     3
 Armour: Robe              |    15 |    13 ||    28
  Dodge: Dodged            |    85 |   150 ||   235
